 Dungeon Crawl Stone Soup version 0.26-a0-812-g31a745ddcd (webtiles) character file.

Game seed: 4864273310136345760

14664 HoaS the Brawler (level 12, -2/103 HPs)
             Began as a Ghoul Gladiator on Dec 3, 2020.
             Was an Elder of Makhleb.
             Slain by a death yak simulacrum (4 damage)
             ... in an ice cave.
             The game lasted 00:26:42 (9588 turns).

HoaS the Brawler (Ghoul Gladiator)                  Turns: 9588, Time: 00:26:43

Health: -2/103     AC: 15    Str: 23    XL:     12   Next: 18%
Magic:  11/11      EV: 14    Int:  3    God:    Makhleb [****..]
Gold:   633        SH:  0    Dex: 10    Spells: 11/11 levels left

rFire    . . .     SeeInvis .     - Unarmed
rCold    + + +     Faith    .   (no shield)
rNeg     + + +     Spirit   .   H - +0 acid dragon scales
rPois    ∞         Reflect  .   b - +2 helmet
rElec    .         Harm     .   D - +1 cloak
rCorr    +         Rampage  .   (no gloves)
MR       .....                  j - +1 pair of boots
Stlth    +.........             (no amulet)
HPRegen  0.00/turn              o - ring of protection from cold
MPRegen  0.12/turn              a - ring of protection from cold

@: no status effects
A: rotting body, claws 1, cold resistance 1, negative energy resistance 3,
inhibited regeneration, torment resistance, unbreathing
a: Minor Destruction, Lesser Servant of Makhleb, Major Destruction, Renounce
Religion


You were in an ice cave.
You worshipped Makhleb.
Makhleb was greatly pleased with you.
You visited 3 branches of the dungeon, and saw 13 of its levels.
You also visited: Ice Cave.

You collected 850 gold pieces.
You spent 217 gold pieces at shops.

Inventory:

Missiles
 c - 2 throwing nets (quivered)
 l - 78 poisoned darts
 r - 11 boomerangs
 y - 4 datura-tipped darts
Armour
 b - a +2 helmet (worn)
 d - a +0 plate armour
 j - a +1 pair of boots (worn)
 D - a +1 cloak (worn)
 H - +0 acid dragon scales (worn)
Jewellery
 a - a ring of protection from cold (right claw)
 o - a ring of protection from cold (left claw)
 B - an uncursed ring of protection from magic
Wands
 n - a wand of random effects (3)
 z - a wand of paralysis (22)
 C - a wand of acid (8)
 G - a wand of disintegration (13)
Scrolls
 i - 9 scrolls of teleportation
 m - a scroll of identify
 p - 2 scrolls of blinking
 q - 5 scrolls of remove curse
Potions
 e - 2 potions of haste
 f - 2 potions of cancellation
 g - 2 potions of resistance
 h - a potion of lignification {unknown}
 k - 3 potions of brilliance {unknown}
 s - 5 potions of heal wounds
 t - a potion of attraction {unknown}
 u - 5 potions of curing
 v - 2 potions of mutation {unknown}
 w - a potion of flight {unknown}
 x - 3 potions of ambrosia
 A - a potion of might
 E - a potion of invisibility {unknown}


   Skills:
 + Level 8.3 Fighting
 - Level 1.7 Throwing
 + Level 6.6 Armour
 + Level 7.3 Dodging
 * Level 15.6 Unarmed Combat


You had 11 spell levels left.
You didn't know any spells.
Your spell library contained the following spells:

 Spells                   Type           Power        Failure   Level
 Animate Skeleton         Necr           #.....       58%         1
 Apportation              Tloc           #.....       58%         1
 Corona                   Hex            #......      58%         1
 Pain                     Necr           #...         58%         1
 Summon Small Mammal      Summ           #...         58%         1
 Slow                     Hex            #.......     75%         2
 Confusing Touch          Hex            #.......     92%         3
 Gell's Gravitas          Tloc           #.........   92%         3
 Inner Flame              Hex/Fire       #.......     92%         3
 Portal Projectile        Hex/Tloc       #.....       92%         3
 Vampiric Draining        Necr           #.........   92%         3
 Animate Dead             Necr           #.........   100%        4
 Cause Fear               Hex            #.........   100%        4
 Leda's Liquefaction      Hex/Erth       #.........   100%        4
 Petrify                  Tmut/Erth      #.......     100%        4
 Agony                    Necr           #.......     100%        5
 Metabolic Englaciation   Hex/Ice        #.........   100%        5
 Yara's Violent Unravell  Hex/Tmut       #.........   100%        5


Dungeon Overview and Level Annotations

Branches:
Dungeon (10/15)            Temple (1/1) D:6            Lair (2/6) D:9
    Orc (0/2) D:9           IceCv (1/1)
  Swamp: Lair:2-4    Shoals: Lair:2-4     Snake: Lair:2-4    Spider: Lair:2-4

Altars:
Ashenzari
Cheibriados
Dithmenos
Elyvilon
Fedhas
Gozag
Hepliaklqana
Kikubaaqudgha
Makhleb
Nemelex Xobeh
Okawaru
Qazlal
Ru
Sif Muna
Trog
Uskayaw
Vehumet
Wu Jian
Xom
Yredelemnul
Zin
The Shining One

Shops:
D:4 [   D:5 *   D:10 (

Annotations:
D:9 2 transporters, Danir's ghost, novice DsFi


Innate Abilities, Weirdness & Mutations

Your body is rotting away.
You thrive by killing the living.
You are immune to poison.
You have sharp fingernails.
Your flesh is cold resistant. (rC+)
You are immune to negative energy. (rN+++)
You do not regenerate when monsters are visible.
You are immune to unholy pain and torment.
You can survive without breathing.


Message History

* * * LOW HITPOINT WARNING * * *
The alligator simulacrum freezes you. You resist.
* * * LOW HITPOINT WARNING * * *
The alligator simulacrum tail-slaps you.
* * * LOW HITPOINT WARNING * * *
The alligator simulacrum freezes you. You resist.
* * * LOW HITPOINT WARNING * * *
You claw the death yak simulacrum!
The death yak simulacrum is almost destroyed.
The polar bear simulacrum completely misses you.
The polar bear simulacrum claws you.
* * * LOW HITPOINT WARNING * * *
The polar bear simulacrum freezes you. You resist.
* * * LOW HITPOINT WARNING * * *
The polar bear simulacrum claws you.
* * * LOW HITPOINT WARNING * * *
The polar bear simulacrum freezes you. You resist.
* * * LOW HITPOINT WARNING * * *
The death yak simulacrum gores you.
You die...

#####
##...##
##..∩..##
#.......#
#...∩...#
##.....##
##.@.##


#ZZZ# ##...# #...# ...## ..## .## #. You could see an alligator simulacrum, a
death yak simulacrum and a polar bear simulacrum.

Vanquished Creatures
  Harold (D:7)
  2 two-headed ogres
  A wizard (D:9)
  3 centaur zombies (D:10)
  3 cane toads
  Maggie (Lair:1)
  The ghost of Danir the Chopper, a novice DsFi (D:3)
  2 komodo dragons (Lair:1)
  Grinder (D:5)
  A troll (D:9)
  Prince Ribbit (D:5)
  Eustachio (Temple)
  19 yaks
  A basilisk (Lair:1)
  3 wargs (D:8)
  A water moccasin (Lair:1)
  Duvessa (D:4)
  2 ice beasts (D:7)
  2 sky beasts
  A black bear (D:8)
  7 orc warriors
  7 ogres
  2 phantoms (D:8)
  7 centaurs
  3 big kobolds
  7 bullfrogs
  A wyvern skeleton (D:8)
  Dowan (D:4)
  3 scorpions
  2 water moccasin skeletons
  4 killer bees (D:8)
  An elephant simulacrum (IceCv)
  10 wights
  A howler monkey (D:8)
  A crimson imp (D:9)
  A bullfrog skeleton (D:9)
  A bullfrog zombie (D:5)
  2 hounds
  3 orc priests
  A gnoll shaman (D:8)
  2 jellies
  12 orc wizards
  2 centaur skeletons (D:7)
  Terence (D:2)
  Natasha (thrice) (D:3)
  7 worker ants
  A hound zombie (D:8)
  Robin (D:1)
  7 adders
  4 gnolls
  A shadow imp (D:6)
  13 white imps
  4 ufetubi
  2 oozes (D:1)
  An adder zombie (D:8)
  An adder skeleton (D:5)
  A worm (D:3)
  4 dart slugs
  2 leopard geckos
  21 orcs
  4 bats
  4 giant cockroaches
  26 goblins
  9 hobgoblins
  15 jackals
  19 kobolds
  2 quokkas
  3 ball pythons
  3 frilled lizards
  A quokka skeleton (D:9)
  4 rats
293 creatures vanquished.

Vanquished Creatures (others)
  2 fungi
2 creatures vanquished.

Grand Total: 295 creatures vanquished

Notes
Turn   | Place    | Note
-------+----------+-------------------------------------------
     0 | D:1      | HoaS the Ghoul Gladiator began the quest for the Orb.
     0 | D:1      | Reached XP level 1. HP: 17/17 MP: 0/0
   194 | D:1      | Reached XP level 2. HP: 23/24 MP: 1/1
   264 | D:1      | Reached skill level 4 in Unarmed Combat
   350 | D:1      | Reached XP level 3. HP: 27/29 MP: 2/2
   577 | D:1      | Reached skill level 5 in Unarmed Combat
   715 | D:2      | Noticed Robin
   727 | D:2      | Reached XP level 4. HP: 36/36 MP: 3/3
   742 | D:1      | Killed Robin
  1004 | D:2      | Found a broken altar of Ashenzari.
  1108 | D:2      | Noticed Terence
  1122 | D:2      | Killed Terence
  1122 | D:2      | Reached skill level 6 in Unarmed Combat
  1122 | D:2      | Reached XP level 5. HP: 38/41 MP: 4/4
  1773 | D:3      | Noticed a centaur
  1782 | D:3      | Killed a centaur
  1782 | D:3      | Reached skill level 7 in Unarmed Combat
  1796 | D:3      | Reached XP level 6. HP: 38/48 MP: 5/5
  1843 | D:3      | Noticed Danir's ghost (novice DsFi)
  1844 | D:3      | Found a transporter.
  1844 | D:3      | Identified the +5 dire flail of Popular Demand {vorpal,
                  | Str+4}
  1846 | D:3      | Noticed Natasha
  1855 | D:3      | Killed Natasha
  1877 | D:3      | Found a transporter.
  2192 | D:3      | Noticed Natasha
  2198 | D:3      | Killed Natasha
  2198 | D:3      | Reached skill level 8 in Unarmed Combat
  2321 | D:3      | Noticed Natasha
  2326 | D:3      | Killed Natasha
  2498 | D:4      | Reached XP level 7. HP: 47/55 MP: 6/6
  2532 | D:4      | Noticed Dowan
  2552 | D:4      | Noticed Duvessa
  2557 | D:4      | Killed Dowan
  2570 | D:4      | Killed Duvessa
  2570 | D:4      | Reached skill level 9 in Unarmed Combat
  2658 | D:4      | Found Vutuez's Armour Shop.
  2702 | D:4      | HP: 2/55 [ogre/+0 giant club (15)]
  3278 | D:5      | Entered Level 5 of the Dungeon
  3446 | D:5      | Reached skill level 10 in Unarmed Combat
  3631 | D:5      | Noticed Prince Ribbit
  3651 | D:5      | Killed Prince Ribbit
  3651 | D:5      | Reached XP level 8. HP: 21/61 MP: 7/7
  3894 | D:5      | Found Gyameor's General Store.
  3911 | D:5      | Bought a +0 pair of gloves of dexterity for 172 gold pieces
  3911 | D:5      | Bought a throwing net for 45 gold pieces
  4123 | D:5      | Noticed Grinder
  4130 | D:5      | Paralysed by Grinder for 7 turns
  4143 | D:5      | Killed Grinder
  4143 | D:5      | Reached skill level 11 in Unarmed Combat
  4394 | D:6      | Found a staircase to the Ecumenical Temple.
  4396 | D:6      | Noticed Eustachio
  4403 | Temple   | Entered the Ecumenical Temple
  4420 | Temple   | Killed Eustachio
  4420 | Temple   | Reached skill level 12 in Unarmed Combat
  4569 | Temple   | Became a worshipper of Makhleb the Destroyer
  4603 | D:6      | Reached XP level 9. HP: 68/68 MP: 8/8
  4732 | D:6      | Reached skill level 1 in Armour
  4902 | D:6      | Found a sacrificial altar of Ru.
  5131 | D:7      | Noticed Harold
  5155 | D:7      | Killed Harold
  5428 | D:7      | Reached skill level 13 in Unarmed Combat
  5446 | D:7      | Reached * piety under Makhleb
  5549 | D:7      | Found a white marble altar of Elyvilon.
  5657 | D:7      | Reached XP level 10. HP: 80/80 MP: 9/9
  5859 | D:3      | Killed Danir's ghost
  5859 | D:3      | Reached skill level 5 in Fighting
  6418 | D:8      | Reached skill level 5 in Dodging
  6514 | D:8      | Reached ** piety under Makhleb
  6515 | D:8      | Noticed a two-headed ogre
  6564 | D:7      | Killed a two-headed ogre
  6838 | D:8      | Reached skill level 14 in Unarmed Combat
  7094 | D:8      | Noticed a two-headed ogre
  7104 | D:8      | Killed a two-headed ogre
  7104 | D:8      | Reached skill level 5 in Armour
  7104 | D:8      | Reached XP level 11. HP: 82/91 MP: 10/10
  7300 | D:9      | Found a staircase to the Orcish Mines.
  7390 | D:9      | Found a transporter.
  7390 | D:9      | Identified the +3 rapier of the Forgotten Gods {antimagic,
                  | Stlth+}
  7390 | D:9      | Noticed a tengu warrior
  7393 | D:9      | Noticed a moth of wrath
  7394 | D:9      | Noticed a two-headed ogre
  7395 | D:9      | Found a bloodstained altar of Trog.
  7395 | D:9      | Noticed Danir's ghost (novice DsFi)
  7398 | D:9      | Found a transporter.
  7401 | D:9      | Identified the cursed +1 great sword "Jellyslayer"
                  | {antimagic, rC+ Str-5 Int+3}
  7446 | D:9      | Noticed a wizard
  7452 | D:9      | Paralysed by a wizard for 3 turns
  7459 | D:9      | Killed a wizard
  7501 | D:8      | Reached *** piety under Makhleb
  7576 | D:9      | Found a staircase to the Lair.
  7829 | D:10     | Entered Level 10 of the Dungeon
  8024 | D:10     | Found Zustrun's Antique Weapon Boutique.
  8116 | D:10     | Reached **** piety under Makhleb
  8243 | D:10     | Reached skill level 15 in Unarmed Combat
  8472 | Lair:1   | Entered Level 1 of the Lair of Beasts
  8472 | Lair:1   | Noticed Maggie
  8486 | Lair:1   | Killed Maggie
  9088 | Lair:1   | Reached XP level 12. HP: 101/101 MP: 11/11
  9560 | Lair:2   | Found a frozen archway.
  9572 | IceCv    | Entered an ice cave
  9588 | IceCv    | HP: 5/103 [polar bear simulacrum (2)]
  9588 | IceCv    | HP: 2/103 [polar bear simulacrum (3)]
  9588 | IceCv    | Slain by a death yak simulacrum

Illustrated notes

Levels and vault maps discovered:
D:1:      zelgadis_glass_arrival_small, layout_loops_cross,
          minmay_split_cup_small
D:2:      layout_basic, nicolae_ashenzari_panopticon, uniq_terence, uniq_robin
D:3:      layout_basic, gammafunk_ghost_smash, minmay_ogre_servants,
          uniq_natasha
D:4:      layout_basic, serial_shops, shop, uniq_duvessa
D:5:      layout_loops_corners, serial_shops, shop_coins, uniq_grinder,
          uniq_prince_ribbit1
D:6:      layout_rooms, nicolae_ru_awakened_eye,
          minmay_temple_entry_purple_smoke, uniq_eustachio
D:7:      layout_rooms, kennysheep_decorative_pillar, elyvilon_altar_1,
          uniq_harold
D:8:      layout_gridville, kennysheep_cross_bottleneck, st_stairs_1,
          kennysheep_kite_vault
D:9:      layout_basic, erik_lair_orcish_takeover, orc_0_dummy,
          gammafunk_ghost_wrathful_warriors, lightli_wizard_tower
D:10:     layout_rooms, serial_shops, shop
Temple:   compressed_dpeg_circular_temple
Lair:1:   layout_hall_layers, st_stairs_6, uniq_maggie
Lair:2:   layout_gridlike, minmay_swamp_entry_worms, portal_ice_cave_entry_imps
IceCv:    ice_cave_small_necro

Skill      XL: |  1  2  3  4  5  6  7  8  9 10 11 |
---------------+----------------------------------+-----
Unarmed Combat | 4 5 6 7 8 10 12 13 14 15 | 15.6
Armour         | 3 5 6 |  6.6
Dodging        | 4 5 7 |  7.3
Fighting       | 4 6 8 |  8.3
Throwing       | |  1.7

Action                   |  1- 3 |  4- 6 |  7- 9 | 10-12 || total
-------------------------+-------+-------+-------+-------++-------
Melee: Unarmed           |    98 |   135 |   222 |   545 ||  1000
       Punch             |     2 |     2 |     5 |    40 ||    49
Throw: Throwing net      |       |       |     5 |     2 ||     7
       Dart              |       |       |     1 |       ||     1
Evoke: Wand              |       |       |     4 |     1 ||     5
  Use: Scroll            |     2 |     5 |     7 |     7 ||    21
       Potion            |       |       |       |     1 ||     1
 Stab: Held in net/web   |       |       |     1 |     2 ||     3
Armor: Leather armour    |    23 |       |       |       ||    23
       Ring mail         |     6 |     4 |       |       ||    10
       Plate armour      |       |    51 |   138 |   211 ||   400
       Acid dragon scale |       |       |       |    45 ||    45
Dodge: Dodged            |    40 |    42 |    67 |   176 ||   325

Table legend: (Time is in decaauts)
 A = Elapsed time spent in this place.
 B = Non-inter-level travel time spent in this place.
 C = Inter-level travel time spent in this place.
 D = Time resting spent in this place.
 E = Time spent auto-exploring this place.
 F = Levels seen in this place.
 G = Mean time per level.
                   A        B        C        D        E       F      G
               +--------+--------+--------+--------+--------+-----+--------+
         Total |   9354 |   8577 |    777 |   1155 |   5458 |  14 |  668.1 |
       Dungeon |   8090 |   7373 |    717 |    964 |   4710 |  10 |  809.0 |
        Temple |    186 |    165 |     21 |     35 |     80 |   1 |  186.0 |
          Lair |   1065 |   1027 |     38 |    156 |    668 |   2 |  532.5 |
      Ice Cave |     11 |     11 |      0 |      0 |      0 |   1 |   11.0 |
               +--------+--------+--------+--------+--------+-----+--------+

Top non-repeatable levels by time:
     D:5: 1065 daAuts
  Lair:1: 1018 daAuts
     D:8: 1005 daAuts
     D:2: 959 daAuts
     D:4: 839 daAuts
     D:1: 799 daAuts
     D:3: 785 daAuts
     D:6: 723 daAuts
     D:7: 700 daAuts
     D:9: 635 daAuts
    D:10: 576 daAuts
  Temple: 186 daAuts
  Lair:2: 47 daAuts
   IceCv: 11 daAuts
